 Dungeon Crawl Stone Soup version 0.28.0-53-g5a82cb258f (webtiles) character file.

Game seed: 9546884194850491706

27456 ASIMItheHERO the Severer (level 13, -3/119 HPs)
             Began as a Minotaur Berserker on July 1, 2022.
             Was a High Priest of Trog.
             Slain by a death yak (11 damage)
             ... while petrified
             ... on level 4 of the Lair of Beasts.
             The game lasted 01:01:33 (12680 turns).

ASIMItheHERO the Severer (Minotaur Berserker)      Turns: 12680, Time: 01:01:34

Health: -3/119     AC: 16    Str: 26    XL:     13   Next: 4%
Magic:  12/12      EV:  2    Int:  4    God:    Trog [*****.]
Gold:   952        SH:  0    Dex: 15    Spells: 12/12 levels left

rFire   + . .      SeeInvis .   a - +1 battleaxe (drain)
rCold   . . .      Faith    .   (shield currently unavailable)
rNeg    + + +      Spirit   .   t - +4 leather armour of Wurruzu {+Blink Will+ Dex+4}
rPois   ∞          Reflect  .   V - +2 hat
rElec   .          Harm     +   S - scarf {harm}
rCorr   .          Rampage  .   J - +1 pair of gloves
Will    +....                   (no boots)
Stlth   ++........              C - amulet of regeneration
HPRegen 1.09/turn               H - ring of protection from fire
MPRegen 0.13/turn               x - +4 ring of protection

@: petrified, on berserk cooldown, slowed
A: horns 2, retaliatory headbutt
a: Renounce Religion, Evoke Blink, Berserk, Trog's Hand, Brothers in Arms


You were on level 4 of the Lair of Beasts.
You worshipped Trog.
Trog was extremely pleased with you.
You visited 2 branches of the dungeon, and saw 15 of its levels.

You collected 952 gold pieces.

Inventory:

Hand Weapons
 a - a +1 battleaxe of draining (weapon)
 b - the +6 shortbow of Enysch {speed, Will+ Dex+4}
   (You found it on level 4 of the Dungeon)

   Attacks with this weapon are significantly faster.
   Dex:       It affects your dexterity (+4).
   Will:      It increases your willpower.
 O - a +2 war axe
Missiles
 h - 243 stones
 m - 182 arrows
 s - 146 sling bullets
 y - 30 bolts
 I - 4 throwing nets
Armour
 d - a +2 helmet of see invisible
 t - the +4 leather armour of Wurruzu (worn) {+Blink Will+ Dex+4}
   (You found it on level 4 of the Dungeon)

   Dex:       It affects your dexterity (+4).
   +Blink:    It lets you blink.
   Will:      It increases your willpower.
 J - a +1 pair of gloves (worn)
 S - a scarf of harm (worn)
 V - a +2 hat (worn)
Jewellery
 f - a ring of ice
 p - a +6 ring of intelligence
 x - a +4 ring of protection (right hand)
 C - an amulet of regeneration (around neck)
 G - an amulet of the acrobat
 H - a ring of protection from fire (left hand)
 K - a ring of ice
 N - an amulet of regeneration
 T - a ring of protection from fire
Wands
 w - a wand of polymorph (3)
 B - a wand of charming (7)
 D - a wand of iceblast (12)
 W - a wand of flame (5)
Scrolls
 c - 4 scrolls of noise
 e - 6 scrolls of teleportation
 g - 4 scrolls of immolation
 i - a scroll of brand weapon {unknown}
 j - a scroll of enchant armour {unknown}
 k - a scroll of silence {unknown}
 l - a scroll of fog {unknown}
 v - 2 scrolls of blinking
 F - 2 scrolls of enchant weapon {unknown}
 P - a scroll of amnesia {unknown}
 R - 5 scrolls of identify
Potions
 n - 4 potions of attraction {unknown}
 o - 5 potions of curing
 q - a potion of heal wounds {unknown}
 r - a potion of degeneration {unknown}
 u - 4 potions of haste
 z - 5 potions of lignification
 A - 2 potions of mutation {unknown}
 E - 2 potions of berserk rage
 M - a potion of cancellation {unknown}
 Q - a potion of might {unknown}
 U - a potion of flight {unknown}
Miscellaneous
 L - a tin of tremorstones (2/2)


   Skills:
 + Level 12.4 Fighting
 + Level 15.4 Axes
 + Level 13.6 Bows
 + Level 0.9 Throwing
 + Level 7.5 Armour
 + Level 7.4 Dodging
 - Level 1.1 Stealth


You had 12 spell levels left.
You didn't know any spells.
Your spell library contained the following spells:

 Spells                   Type           Power      Damage    Failure   Level
 Tukima's Dance           Hex            0%         N/A       88%         3
 Passage of Golubria      Tloc           0%         N/A       99%         4
 Yara's Violent Unravell  Hex/Tmut       0%         3d3       100%        5


Dungeon Overview and Level Annotations

Branches:
Dungeon (11/15)            Temple (0/1) D:4            Lair (4/6) D:9
 Shoals (0/4) Lair:2          Orc (0/2) D:10
  Snake: Lair:2-4    Spider: Lair:2-4

Altars:
Cheibriados
Elyvilon
Gozag
Kikubaaqudgha
Makhleb
Nemelex Xobeh
Okawaru
Ru
Uskayaw
The Shining One

Shops:
D:1 (=*   D:3 =

Annotations:
D:4 2 runed translucent doors
D:7 2 transporters, exclusion: oklob plant, aloneDruid's ghost, novice DgTm


Innate Abilities, Weirdness & Mutations

You have a pair of horns on your head.
You reflexively headbutt those who attack you in melee.


Message History

The death yak gores you.
You slice the death yak!! You drain the death yak! You headbutt the death yak!
The death yak is almost dead.
The death yak gores you.
You have turned to stone.
The death yak gores you!
The death yak gores you but does no damage.
The death yak gores you but does no damage.
The death yak gores you!
The death yak gores you but does no damage.
The death yak gores you!
The death yak gores you but does no damage.
The death yak gores you!
The death yak gores you but does no damage.
The death yak barely misses you. The death yak gores you.
The death yak gores you. The death yak gores you!!
You are no longer berserk.
You feel yourself slow down.
The death yak gores you but does no damage.
The death yak gores you! The death yak gores you.
The death yak gores you but does no damage.
The death yak gores you but does no damage.
The death yak gores you!
* * * LOW HITPOINT WARNING * * *
The death yak gores you!
* * * LOW HITPOINT WARNING * * *
The death yak gores you!
* * * LOW HITPOINT WARNING * * *
The death yak gores you.
* * * LOW HITPOINT WARNING * * *
The death yak gores you.
* * * LOW HITPOINT WARNING * * *
The death yak gores you!
* * * LOW HITPOINT WARNING * * *
The death yak gores you.
* * * LOW HITPOINT WARNING * * *
A catoblepas comes into view.
The death yak gores you.
* * * LOW HITPOINT WARNING * * *
The death yak gores you!!
You die...

#.... #....
##.... Y.....#
.......
.....#.####
.....(YY..##
......Y@...##
.....##Y...P#
... #P.<...# #
#....#.#
#........
...........
.............
...###.........
### ####.####.


You could see 4 death yaks and a catoblepas.

Vanquished Creatures
  Gastronok (Lair:2)
  2 hydras (Lair:2)
  Harold (D:7)
  A catoblepas (Lair:4)
  2 two-headed ogres
  Erica (D:8)
  4 death yaks
  A wolf spider (Lair:3)
  Maurice (D:8)
  A black mamba (Lair:2)
  9 cane toads
  An unseen horror (D:10)
  A torpor snail (Lair:1)
  2 kobold demonologists (D:10)
  Psyche (D:9)
  3 komodo dragons
  2 rime drakes
  Prince Ribbit (D:5)
  Grinder (D:3)
  8 blink frogs
  A shadow (D:10)
  30 yaks
  A wyvern (D:9)
  Grum (D:8)
  A steam dragon (D:8)
  Menkaure (D:7)
  Edmund (D:6)
  8 water moccasins
  7 orc warriors
  A sky beast (D:7)
  2 hornet zombies (D:8)
  4 ice beasts
  2 necrophages
  An ogre (D:5)
  8 wolves
  5 centaurs
  3 bullfrogs
  2 kobold brigands (D:10)
  A gnoll sergeant (D:9)
  A water moccasin zombie (D:5)
  6 scorpions
  2 water moccasin skeletons
  10 killer bees
  4 electric eels (Lair:2)
  6 wights
  5 howler monkeys
  A centaur zombie (D:9)
  2 jellies
  Crazy Yiuf (D:2)
  A bullfrog zombie (D:5)
  11 orc priests
  2 bullfrog skeletons
  A gnoll shaman (D:6)
  A centaur skeleton (D:7)
  6 iguanas
  10 orc wizards
  A hound skeleton (D:5)
  Robin (D:2)
  A howler monkey skeleton (D:7)
  14 gnolls
  9 adders
  2 white imps (D:6)
  An ufetubus (D:6)
  An adder skeleton (D:5)
  A worm (D:4)
  2 dart slugs
  67 orcs
  10 bats
  3 endoplasms
  3 giant cockroaches
  11 goblins
  11 hobgoblins
  4 jackals (D:2)
  4 quokkas (D:1)
  4 ball pythons
  4 frilled lizards
  11 kobolds
  8 rats
367 creatures vanquished.

Vanquished Creatures (others)
  14 fungi
  24 plants
38 creatures vanquished.

Grand Total: 405 creatures vanquished

Notes
Turn   | Place    | Note
-------+----------+-------------------------------------------
     0 | D:1      | ASIMItheHERO the Minotaur Berserker began the quest for the
                  | Orb.
     0 | D:1      | Reached XP level 1. HP: 19/19 MP: 0/0
    43 | D:1      | Found Laasad's Jewellery Emporium.
   183 | D:1      | Found Nopigece's Antique Weapon Boutique.
   211 | D:1      | Reached XP level 2. HP: 27/27 MP: 1/1
   227 | D:1      | Reached skill level 4 in Axes
   340 | D:1      | Found Ciphutra's General Store.
   961 | D:2      | Reached ** piety under Trog
  1050 | D:2      | Reached XP level 3. HP: 33/33 MP: 2/2
  1051 | D:2      | Noticed Robin
  1056 | D:2      | Killed Robin
  1207 | D:2      | Reached XP level 4. HP: 41/41 MP: 3/3
  1363 | D:2      | Reached skill level 5 in Axes
  1602 | D:2      | Found a faded altar of an unknown god.
  1668 | D:2      | Found a runed translucent door.
  1669 | D:2      | Noticed Crazy Yiuf
  1681 | D:2      | Killed Crazy Yiuf
  1914 | D:3      | Reached XP level 5. HP: 47/47 MP: 4/4
  2006 | D:3      | Reached skill level 5 in Fighting
  2102 | D:3      | Noticed Grinder
  2123 | D:3      | Killed Grinder
  2124 | D:3      | Reached skill level 6 in Axes
  2124 | D:3      | Reached XP level 6. HP: 52/56 MP: 5/5
  2373 | D:3      | Found Nifreoce's Jewellery Emporium.
  2786 | D:4      | Identified the +4 leather armour of Wurruzu {+Blink Will+
                  | Dex+4}
  2811 | D:4      | Found a staircase to the Ecumenical Temple.
  3090 | D:4      | Reached skill level 5 in Armour
  3107 | D:4      | Reached XP level 7. HP: 62/62 MP: 6/6
  3263 | D:4      | Found a large runed translucent door.
  3263 | D:4      | Found a large runed translucent door.
  3266 | D:4      | Noticed a yak
  3293 | D:4      | Reached skill level 7 in Axes
  3306 | D:4      | Identified the +6 shortbow of Enysch {speed, Will+ Dex+4}
  3386 | D:4      | Found a large runed translucent door.
  3386 | D:4      | Found a large runed translucent door.
  3717 | D:4      | Killed a yak
  3780 | D:5      | Entered Level 5 of the Dungeon
  3818 | D:5      | Reached skill level 8 in Axes
  3905 | D:5      | Reached XP level 8. HP: 68/71 MP: 7/7
  3987 | D:5      | Noticed Prince Ribbit
  4000 | D:5      | Killed Prince Ribbit
  4124 | D:5      | Reached skill level 9 in Axes
  4184 | D:5      | Reached *** piety under Trog
  4306 | D:5      | Found a hide-covered altar of Uskayaw.
  4574 | D:5      | Reached skill level 1 in Stealth
  4624 | D:5      | Found a sacrificial altar of Ru.
  4759 | D:5      | Reached skill level 10 in Axes
  4917 | D:6      | Noticed Edmund
  4921 | D:6      | Killed Edmund
  4922 | D:6      | Reached XP level 9. HP: 79/79 MP: 8/8
  4951 | D:6      | Reached skill level 1 in Bows
  5397 | D:6      | Found a burning altar of Makhleb.
  5686 | D:7      | Found a white marble altar of Elyvilon.
  5689 | D:7      | Found a sparkling altar of Nemelex Xobeh.
  5696 | D:7      | Found a transporter.
  5697 | D:7      | Noticed Menkaure
  5701 | D:7      | Killed Menkaure
  5702 | D:7      | Reached skill level 5 in Dodging
  5703 | D:7      | Noticed Harold
  5791 | D:7      | Reached **** piety under Trog
  5792 | D:7      | Reached skill level 5 in Bows
  5834 | D:7      | Killed Harold
  5835 | D:7      | Reached skill level 11 in Axes
  5872 | D:7      | Reached XP level 10. HP: 78/88 MP: 9/9
  6083 | D:7      | Noticed an oklob plant
  6092 | D:7      | Noticed a green ugly thing
  6095 | D:7      | Noticed aloneDruid's ghost (novice DgTm)
  6162 | D:7      | Found a transporter.
  6280 | D:8      | Found a glowing golden altar of the Shining One.
  6331 | D:8      | Found an iron altar of Okawaru.
  6339 | D:8      | Noticed a two-headed ogre
  6377 | D:8      | Killed a two-headed ogre
  6439 | D:8      | Noticed Erica
  6451 | D:8      | Killed Erica
  6675 | D:8      | Noticed Maurice
  6683 | D:8      | Killed Maurice
  6772 | D:8      | You fall into a shaft and drop 2 floors!
  6772 | D:10     | Entered Level 10 of the Dungeon
  6783 | D:10     | Reached ***** piety under Trog
  6824 | D:10     | Noticed a sun demon
  6832 | D:10     | Reached skill level 10 in Bows
  6877 | D:10     | Found a staircase to the Orcish Mines.
  6956 | D:10     | Reached skill level 12 in Axes
  7065 | D:10     | Noticed a two-headed ogre
  7069 | D:10     | Reached XP level 11. HP: 97/97 MP: 10/10
  7081 | D:10     | Killed a two-headed ogre
  7225 | D:9      | Received a gift from Trog
  7470 | D:9      | Noticed Psyche
  7473 | D:9      | Killed Psyche
  7906 | D:9      | Found a staircase to the Lair.
  8694 | D:8      | Found an ancient bone altar of Kikubaaqudgha.
  8750 | D:8      | Found an opulent altar of Gozag.
  8759 | D:8      | Noticed Grum
  8765 | D:8      | Killed Grum
  9421 | D:10     | Reached skill level 13 in Axes
  9795 | Lair:1   | Entered Level 1 of the Lair of Beasts
  9811 | D:9      | Reached skill level 10 in Fighting
  9858 | Lair:1   | Identified the +1 ring mail of Beogh's Grace {Contam rN+
                  | Int+4}
 10083 | Lair:1   | Found a snail-covered altar of Cheibriados.
 10309 | Lair:1   | Reached XP level 12. HP: 97/107 MP: 11/11
 10317 | Lair:1   | Reached skill level 14 in Axes
 10954 | Lair:2   | Noticed a seven-headed hydra
 11008 | Lair:2   | Found a staircase to the Shoals.
 11031 | Lair:2   | Noticed Gastronok
 11052 | Lair:2   | Killed Gastronok
 11221 | Lair:2   | Killed a nine-headed hydra
 11475 | Lair:2   | Noticed a four-headed hydra
 11483 | Lair:2   | Killed a nine-headed hydra
 11822 | Lair:3   | Noticed a death yak
 11822 | Lair:3   | Noticed a death yak
 11822 | Lair:3   | Noticed a death yak
 11839 | Lair:3   | Noticed a death yak
 11846 | Lair:2   | Killed a death yak
 11868 | Lair:2   | Killed a death yak
 12004 | Lair:3   | Reached skill level 15 in Axes
 12106 | Lair:3   | Killed a death yak
 12109 | Lair:3   | Killed a death yak
 12116 | Lair:3   | Reached XP level 13. HP: 119/119 MP: 12/12
 12680 | Lair:4   | Slain by a death yak

Illustrated notes

Levels and vault maps discovered:
D:1:      heliophobic_arrival_enchanted_forest, layout_loops_ring, serial_shops,
          nicolae_square_shop, shop, nicolae_shop_hallway_plus,
          hangedman_glass_teeth, st_stairs_11
D:2:      layout_loops_ring, hellmonk_ecumenical_altar_leap_of_faith,
          uniq_robin, uniq_crazy_yiuf_cottage
D:3:      layout_loops_cross, serial_shops, nicolae_square_shop, uniq_grinder
D:4:      layout_loops_cross, minmay_temple_entry_overgrown,
          minmay_hollow_rounded_squares
D:5:      kennysheep_spiral_hall, layout_loops_ring, overflow_temple_1_default,
          overflow_temple_1_default, uniq_prince_ribbit1
D:6:      layout_gridville, minmay_ruined_shrine, uniq_edmund
D:7:      layout_rooms, chequers_temple_overflow_statue_of_worship,
          nzn_ghost_randoct, uniq_harold, uniq_menkaure
D:8:      layout_basic, mainiacjoe_overflow_concentric_impassable,
          nicolae_kikubaaqudgha_miasma_corner, okawaru_gym_becter,
          grunt_gozag_statues, uniq_erica, uniq_maurice, uniq_grum
D:9:      minmay_weird_star, layout_layer_cave, grunt_lair_entry_orc_guard_hut,
          uniq_psyche
D:10:     layout_loops_corners, hiddenorc2_lemuel, roderic_batcave
D:11:     layout_cave_pods, uniq_josephine
Lair:1:   layout_misc_corridors, dreamdust_deal_with_the_devil,
          kennysheep_snail_temple, grunt_megastairs_5
Lair:2:   layout_loops_ring, elwin_shoals_entry_rocks, serial_bayou_lagoon_b,
          uniq_gastronok
Lair:3:   layout_gridlike, serial_bayou_lagoon_a,
          nicolae_lair_run_with_the_wolves
Lair:4:   layout_gridlike, hellmonk_spider_entry_life_and_decay,
          gammafunk_ghost_abyssal_escape, minivault_27

Skill      XL: |  1  2  3  4  5  6  7  8  9 10 11 12 |
---------------+-------------------------------------+-----
Axes           | 4 5 6 8 10 11 12 13 15 | 15.4
Fighting       | 4 5 6 7 8 9 10 12 | 12.4
Armour         | 3 4 5 6 7 |  7.5
Dodging        | 3 4 5 6 7 |  7.4
Stealth        | 1 |  1.1
Bows           | 6 10 12 13 | 13.6
Throwing       | |  0.9

Action                   |  1- 3 |  4- 6 |  7- 9 | 10-12 | 13-15 || total
-------------------------+-------+-------+-------+-------+-------++-------
Melee: Hand axe          |    93 |    97 |   204 |    33 |       ||   427
       Headbutt          |    16 |    15 |    44 |    58 |     4 ||   137
       Punch             |     2 |     1 |     3 |     1 |       ||     7
       War axe           |       |       |       |   181 |       ||   181
       Battleaxe         |       |       |       |   156 |     6 ||   162
 Fire: Shortbow          |       |       |    86 |   303 |     5 ||   394
Throw: Stone             |       |     6 |       |       |       ||     6
Invok: Berserk           |     2 |     3 |     7 |     7 |     1 ||    20
       Trog's Hand       |       |     1 |     2 |       |       ||     3
       Brothers in Arms  |       |       |       |     1 |       ||     1
Evoke: Wand              |       |       |       |     2 |       ||     2
  Use: Scroll            |       |       |     1 |     8 |       ||     9
 Stab: Sleeping          |       |       |       |     2 |       ||     2
Armor: Plate armour      |    47 |    31 |       |       |       ||    78
       Leather armour    |       |     6 |    81 |   132 |     9 ||   228
Dodge: Dodged            |    40 |    36 |    90 |   245 |     1 ||   412
